 Dungeon Crawl Stone Soup version 0.24.0-2-g5b39cebb1c (webtiles) character file.

Game seed: 1984114303143067065, levelgen mode: deterministic

10314 lepoulpe303 the Grappler (level 11, -4/109 HPs)
             Began as a Troll Fighter on Oct 28, 2019.
             Was a Believer of Uskayaw.
             Killed themself with a badly aimed iceblast (8 damage)
             ... on level 10 of the Dungeon on Oct 29, 2019.
             The game lasted 00:40:35 (10576 turns).

lepoulpe303 the Grappler (Troll Fighter)           Turns: 10576, Time: 00:40:36

Health: -4/109     AC:  2    Str: 28    XL:     11   Next: 34%
Magic:  13/13      EV: 10    Int:  4    God:    Uskayaw [**....]
Gold:   0          SH: 11    Dex: 10    Spells: 10/10 levels left

rFire    + . .     SeeInvis .     - Unarmed
rCold    . . .     Gourm    +   b - +1 shield
rNeg     . . .     Faith    .   a - +0 robe
rPois    .         Spirit   .   (helmet restricted)
rElec    .         Reflect  .   S - scarf {cloud immunity}
rCorr    .         Harm     .   (gloves unavailable)
MR       .....                  (boots unavailable)
Stlth    +.........             L - amulet of rage
HPRegen  0.68/turn              h - ring of flight
MPRegen  0.13/turn              F - ring of protection from fire

@: corroded
A: large, unfitting armour, claws 3, fast metabolism 3, gourmand, regeneration
1, shaggy fur 1, tough skin 3
a: Stomp, Line Pass, Renounce Religion, Evoke Berserk Rage, Evoke Flight


You were on level 10 of the Dungeon.
You worshipped Uskayaw.
Uskayaw was noncommittal.
You were not hungry.

You visited 2 branches of the dungeon, and saw 11 of its levels.
You also visited: Sewer and Bailey.

You collected 169 gold pieces.
You spent 169 gold pieces at shops.

Inventory:

Missiles
 k - 6 curare-tipped darts
 B - 6 poisoned darts
 C - 3 large rocks (quivered) {!d}
 I - 11 atropa-tipped darts
 Q - 226 stones
 R - 5 boomerangs
Armour
 a - a +0 robe (worn)
 b - a +1 shield (worn)
 S - a scarf of cloud immunity (worn)
Jewellery
 h - a ring of flight (left claw)
 F - a ring of protection from fire (right claw)
 L - an amulet of rage (around neck)
Wands
 M - a wand of iceblast (5)
Scrolls
 f - 2 scrolls of fog
 g - 3 scrolls of magic mapping {!r}
 i - 2 scrolls of identify
 n - a scroll of fear {unknown}
 p - 2 scrolls of amnesia
 u - 2 scrolls of noise {!r}
 w - 3 scrolls of remove curse
 x - a scroll of immolation {unknown}
 y - 2 scrolls of teleportation {unknown}
 z - 5 scrolls of enchant armour
 G - a scroll of enchant weapon {unknown}
 J - a scroll of blinking {unknown}
 N - 4 scrolls of silence {unknown}
 P - a scroll of torment {unknown}
Potions
 d - a potion of might
 l - 3 potions of heal wounds
 o - 2 potions of degeneration {unknown}
 q - 2 potions of haste
 r - a potion of flight
 s - 6 potions of agility
 t - 9 potions of curing
 v - a potion of berserk rage {unknown}
 A - 4 potions of brilliance {unknown}
 D - a potion of mutation {unknown}
 H - 2 potions of cancellation
 K - a potion of lignification {!q}
 O - 2 potions of resistance {unknown}
Comestibles
 e - 12 rations


   Skills:
 * Level 7.6 Fighting
 + Level 5.4 Throwing
 + Level 5.5 Dodging
 + Level 5.5 Shields
 * Level 8.8 Unarmed Combat
 * Level 5.3 Invocations
 * Level 4.3 Evocations


You had 10 spell levels left.
You didn't know any spells.
Your spell library contained the following spells:

 Spells                   Type           Power        Failure   Level  Hunger
 Animate Skeleton         Necr           N/A          77%         1    ##.....
 Magic Dart               Conj           #...         77%         1    ##.....
 Pain                     Necr           #...         77%         1    ##.....
 Blink                    Tloc           N/A          88%         2    ###....
 Call Imp                 Summ           #.......     88%         2    ###....
 Slow                     Hex            #.......     88%         2    ###....
 Conjure Flame            Conj/Fire      #.......     98%         3    ####...
 Mephitic Cloud           Conj/Pois/Air  #.......     98%         3    ####...
 Regeneration             Chrm/Necr      #.........   98%         3    ####...
 Vampiric Draining        Necr           #.........   98%         3    ####...
 Animate Dead             Necr           N/A          100%        4    #####..


Dungeon Overview and Level Annotations

Branches:
Dungeon (10/15)            Temple (1/1) D:5            Lair (0/6) D:10
    Orc (0/2) D:10          Sewer (visited)          Bailey (visited)

Altars:
Ashenzari
Cheibriados
Dithmenos
Elyvilon
Fedhas
Gozag
Hepliaklqana
Kikubaaqudgha
Makhleb
Nemelex Xobeh
Okawaru
Qazlal
Ru
Sif Muna
Trog
Uskayaw
Vehumet
Wu Jian
Xom
Yredelemnul
Zin
The Shining One

Shops:
D:7 *

Annotations:
D:5 2 transporters, MTVSty1e's ghost, novice GrFi
D:9 2 runed translucent doors, casual's ghost, novice CeIE


Innate Abilities, Weirdness & Mutations

You are too large for most types of armour.
You have claws for hands.
Your metabolism is lightning-fast.
You like to eat raw meat.
Your natural rate of healing is unusually fast.
You are covered in fur. (AC +1)
You have extremely tough skin. (AC +3)


Message History

Something hits you.
* * * LOW HITPOINT WARNING * * *
Something mutters, "Now where did you hide it?"
You hear some strange, mumbled words.
You writhe in agony.
* * * LOW HITPOINT WARNING * * *
You take 19 damage, and have 21/109 hp.
The mass of ice explodes!
The iceblast engulfs something!!
The iceblast engulfs you!!
* * * LOW HITPOINT WARNING * * *
The iceblast engulfs the komodo dragon!!
You kill the komodo dragon!
You hear some strange, mumbled words.
You can now pass through a line of other dancers.
You take 17 damage, and have 4/109 hp.
The mass of ice explodes!
The iceblast engulfs something!
Reactivating autopickup.
Your life force feels restored.
You feel a bit more experienced. The iceblast engulfs you!
You die...

### ############.# #.#
#............# #.# #.).# #.#
#.#############@†.# #.+
##.................# #.###+#
............#####..# #......
######......#...#..########......
.....#......'...'................
.....#.#############.............
.....#.##PPPPPPPPP##.............
.)..##.#PP..PPPPPPP#.............
....#..#PP.>.PPPPP.......##+###..


There were no monsters in sight!

Levels and vault maps discovered:
D:1:      zelgadis_glass_arrival_small, layout_basic
D:2:      layout_rooms, overflow_temple_1_default
D:3:      layout_basic, cheibrodos_sewer_entry_bend
D:4:      layout_loops_corners, first_ration
D:5:      layout_loops_corners, minmay_temple_entry_tees, gammafunk_ghost_hive,
          nemelex_dance_club_becter
D:6:      cheibrodos_iron_armory, layout_loops_ring, kennysheep_little_box,
          kennysheep_mini_moat
D:7:      layout_basic, nicolae_overflow_crystal_walls, serial_shops,
          nicolae_shop_waterfront
D:8:      layout_rooms, grunt_temple_overflow_open
D:9:      layout_basic, ebering_ghost_disaster_area
D:10:     layout_irregular_city, david_lair_shrubbed, hiddenorc2_lemuel,
          enter_bailey_2, uniq_maurice, uniq_joseph
Temple:   minmay_temple_curvy_loop

Notes
Turn   | Place    | Note
-------+----------+-------------------------------------------
     0 | D:1      | lepoulpe303 the Troll Fighter began the quest for the Orb.
     0 | D:1      | Reached XP level 1. HP: 22/22 MP: 0/0
    28 | D:1      | Identified a +0 club
   120 | D:1      | Identified a +0 club
   200 | D:1      | Reached XP level 2. HP: 29/29 MP: 1/1
   241 | D:1      | Identified a +0 short sword
   383 | D:1      | Identified a +0 club
   385 | D:1      | Identified a +0 club
   427 | D:1      | Identified a +0 club
   931 | D:2      | Reached XP level 3. HP: 36/36 MP: 2/2
   990 | D:2      | Identified a +0 club
   990 | D:2      | Identified a cursed -2 club
  1369 | D:2      | Found a stormy altar of Qazlal.
  1452 | D:3      | Reached skill level 3 in Fighting
  1466 | D:3      | Identified a +0 dagger
  1513 | D:3      | Identified a +0 hand axe
  1515 | D:3      | Identified a +0 chain mail
  1519 | D:3      | Identified a +0 short sword
  1519 | D:3      | Identified a +0 chain mail
  1529 | D:3      | Reached skill level 1 in Throwing
  1529 | D:3      | Reached skill level 3 in Unarmed Combat
  1529 | D:3      | Reached XP level 4. HP: 15/45 MP: 3/3
  1529 | D:3      | Identified a +0 dagger
  1531 | D:3      | Identified a +0 war axe
  1531 | D:3      | Identified a +0 leather armour
  1608 | D:3      | Identified a +0 dagger
  1623 | D:3      | Reached XP level 5. HP: 43/53 MP: 4/4
  1912 | D:3      | Identified a +0 short sword
  2021 | D:3      | Identified a +0 short sword
  2021 | D:3      | Identified a +0 short sword
  2024 | D:3      | Identified a +0 dagger
  2029 | D:3      | Identified a +0 dagger
  2029 | D:3      | Identified a +0 robe
  2076 | D:3      | Found a glowing drain.
  2085 | Sewer    | Entered a sewer
  2106 | Sewer    | Identified a +0 club
  2106 | Sewer    | Identified a +0 short sword
  2106 | Sewer    | Identified a cursed -2 short sword
  2106 | Sewer    | Identified a +0 short sword
  2116 | Sewer    | Reached skill level 3 in Dodging
  2116 | Sewer    | Reached skill level 3 in Shields
  2170 | Sewer    | Reached XP level 6. HP: 61/61 MP: 5/5
  2196 | Sewer    | Identified a cursed -3 whip
  2196 | Sewer    | Identified a +0 dagger
  2316 | Sewer    | Identified a +0 short sword
  2316 | Sewer    | Identified a +0 dagger
  2316 | Sewer    | Identified a +0 dagger
  2326 | Sewer    | Reached skill level 2 in Throwing
  2338 | Sewer    | Reached skill level 4 in Unarmed Combat
  2438 | Sewer    | Identified 5 scrolls of identify
  2438 | Sewer    | Identified a ring of protection from fire (You found it on
                  | level 1 of the Dungeon)
  2495 | D:3      | Reached skill level 4 in Fighting
  2776 | D:4      | Identified a +0 giant club
  2780 | D:4      | Reached XP level 7. HP: 70/70 MP: 6/6
  3282 | D:4      | Identified a +0 short sword
  3614 | D:4      | Identified 3 scrolls of enchant armour
  3615 | D:4      | Identified 3 scrolls of magic mapping
  3616 | D:4      | Identified 3 scrolls of remove curse
  3617 | D:4      | Identified a ring of teleportation (You found it on level 3
                  | of the Dungeon)
  3619 | D:4      | Identified a ring of flight (You found it on level 4 of the
                  | Dungeon)
  3628 | D:5      | Entered Level 5 of the Dungeon
  3732 | D:5      | Found a staircase to the Ecumenical Temple.
  3742 | Temple   | Entered the Ecumenical Temple
  3931 | Temple   | Became a worshipper of Uskayaw the Reveler
  4006 | D:5      | Reached * piety under Uskayaw
  4036 | D:5      | Reached ** piety under Uskayaw
  4175 | D:5      | Identified a +0 whip
  4175 | D:5      | Identified a +0 chain mail
  4277 | D:5      | Found a sparkling altar of Nemelex Xobeh.
  4283 | D:5      | Identified a cursed -3 giant club
  4290 | D:5      | Reached *** piety under Uskayaw
  4369 | D:5      | Identified a +0 flail
  4369 | D:5      | Identified a cursed +0 leather armour
  4374 | D:5      | Identified a +0 leather armour
  4376 | D:5      | Identified a +0 club
  4383 | D:5      | Reached skill level 5 in Unarmed Combat
  4675 | D:5      | Noticed a hornet
  4701 | D:5      | Found a transporter.
  4705 | D:5      | Found a transporter.
  4705 | D:5      | Noticed MTVSty1e's ghost (novice GrFi)
  4871 | D:6      | Identified a +0 whip
  4920 | D:6      | Identified a +0 club
  4920 | D:6      | Identified a +0 dagger
  4927 | D:6      | Identified a +0 hand axe
  4927 | D:6      | Identified a +0 leather armour
  4935 | D:6      | Identified a +0 hand axe
  4936 | D:6      | Identified a +0 flail
  4936 | D:6      | Identified a +0 chain mail
  5030 | D:6      | Identified a +0 shortbow
  5119 | D:6      | Found a shattered altar of Ashenzari.
  5144 | D:6      | Reached skill level 3 in Throwing
  5144 | D:6      | Reached XP level 8. HP: 79/79 MP: 7/7
  5175 | D:6      | Identified a +0 dagger
  5175 | D:6      | Identified a +0 robe
  5175 | D:6      | Identified a +0 dagger
  5175 | D:6      | Identified a +0 robe
  5198 | D:6      | Reached skill level 5 in Fighting
  5204 | D:6      | Identified a +0 short sword
  5204 | D:6      | Identified a +0 chain mail
  5206 | D:6      | Identified a +0 dagger
  5206 | D:6      | Identified a +0 robe
  5207 | D:6      | Identified a +0 ring mail
  5231 | D:6      | HP: 19/80 [something (3)]
  5236 | D:6      | HP: 20/80 [something (3)]
  5367 | D:6      | Identified an amulet of magic regeneration (You found it on
                  | level 6 of the Dungeon)
  5368 | D:6      | Identified an amulet of rage (You found it on level 6 of
                  | the Dungeon)
  5370 | D:6      | Identified 2 potions of cancellation
  5371 | D:6      | Identified 5 potions of agility
  5372 | D:6      | Identified 3 potions of heal wounds
  5373 | D:6      | Identified a potion of lignification
  5374 | D:6      | Identified a potion of flight
  5613 | D:6      | Found a bloodstained altar of Trog.
  5752 | D:7      | Noticed a hippogriff
  5757 | D:7      | Killed a hippogriff
  5757 | D:7      | Reached skill level 4 in Dodging
  5757 | D:7      | Reached skill level 4 in Shields
  5807 | D:7      | Identified a +0 dagger
  5807 | D:7      | Identified a +0 robe
  5811 | D:7      | Reached skill level 6 in Unarmed Combat
  5821 | D:7      | Identified a +0 short sword
  5825 | D:7      | Identified a +0 war axe
  5825 | D:7      | Identified a +0 leather armour
  5957 | D:7      | Found a shimmering altar of Xom.
  6252 | D:7      | Reached XP level 9. HP: 89/89 MP: 8/8
  6252 | D:7      | Reached **** piety under Uskayaw
  6350 | D:7      | Reached skill level 1 in Invocations
  6371 | D:7      | Found Linwil's General Store.
  6408 | D:7      | Identified a +0 dagger
  6408 | D:7      | Identified a +0 ring mail
  6410 | D:7      | Identified a +0 short sword
  6410 | D:7      | Identified a +0 leather armour
  6411 | D:7      | Identified a +0 dagger
  6411 | D:7      | Identified a +0 robe
  6416 | D:7      | Identified a +0 club
  6416 | D:7      | Identified a +0 leather armour
  6422 | D:7      | Reached skill level 4 in Throwing
  6498 | D:7      | Bought a potion of curing for 39 gold pieces
  6498 | D:7      | Bought a potion of haste for 130 gold pieces
  6727 | D:7      | Reached skill level 1 in Evocations
  6842 | D:8      | Identified a +0 giant club
  6843 | D:8      | Identified a +0 whip
  6911 | D:8      | Identified a +0 spear
  6911 | D:8      | Identified a +1 flail of holy wrath
  6912 | D:8      | Identified a +0 spear
  6912 | D:8      | Identified a +0 ring mail
  6912 | D:8      | Identified a +0 buckler
  6921 | D:7      | Reached skill level 6 in Fighting
  6984 | D:8      | Identified a +0 halberd
  6990 | D:7      | HP: 19/88 [gnoll/+1 flail of holy wrath (11)]
  7001 | D:7      | HP: 16/88 [gnoll sergeant/+0 spear (9)]
  7002 | D:7      | HP: 6/88 [gnoll sergeant/+0 spear (3)]
  7241 | D:7      | Reached skill level 2 in Invocations
  7276 | D:8      | Found a shadowy altar of Dithmenos.
  7276 | D:8      | Identified a +0 dire flail
  7276 | D:8      | Identified a +0 chain mail
  7276 | D:8      | Identified a +0 dagger
  7276 | D:8      | Identified a +0 robe
  7279 | D:8      | Identified a +0 trident
  7279 | D:8      | Identified a +0 chain mail
  7284 | D:8      | Identified a +0 war axe
  7287 | D:8      | Identified a +0 dagger
  7306 | D:8      | Identified a +0 giant club
  7306 | D:8      | Identified a +0 great mace
  7306 | D:8      | Noticed a two-headed ogre
  7370 | D:7      | Reached skill level 7 in Unarmed Combat
  7430 | D:8      | Reached skill level 2 in Evocations
  7723 | D:8      | Found a sparkling altar of Nemelex Xobeh.
  7723 | D:8      | Found a radiant altar of Vehumet.
  7723 | D:8      | Found a white marble altar of Elyvilon.
  7723 | D:8      | Found an ornate altar of the Wu Jian Council.
  7723 | D:8      | Found an opulent altar of Gozag.
  7724 | D:8      | Found a glowing silver altar of Zin.
  7878 | D:8      | Noticed a cyclops
  8277 | D:7      | Upgraded the game from 0.24.0-1-gfbc8707122 to
                  | 0.24.0-2-g5b39cebb1c
  8298 | D:6      | Noticed a rust devil
  8298 | D:6      | Identified a cursed -2 dire flail
  8298 | D:6      | Identified a +0 plate armour
  8298 | D:6      | Noticed a rust devil
  8298 | D:6      | Identified a +2 vampiric halberd
  8298 | D:6      | Identified a +0 chain mail
  8301 | D:7      | Identified 3 scrolls of noise
  8302 | D:7      | Identified 3 scrolls of amnesia
  8303 | D:7      | Identified 2 scrolls of fog
  8303 | D:7      | HP: 15/91 [two-headed ogre/+0 giant club (13)]
  8305 | D:7      | Killed a two-headed ogre
  8305 | D:7      | Reached skill level 3 in Invocations
  8305 | D:7      | Reached XP level 10. HP: 17/100 MP: 11/11
  8549 | D:8      | Killed a cyclops
  8836 | D:9      | Identified a +0 giant club
  8864 | D:9      | Identified a +0 buckler
  9000 | D:9      | Identified a +0 club
  9015 | D:9      | Found a large runed translucent door.
  9015 | D:9      | Found a large runed translucent door.
  9015 | D:9      | Identified a +0 flail
  9015 | D:9      | Identified a +0 club
  9026 | D:9      | Noticed casual's ghost (novice CeIE)
  9031 | D:9      | Identified a +0 long sword
  9031 | D:9      | Identified a +1 chain mail of cold resistance
  9049 | D:9      | Reached skill level 3 in Evocations
  9050 | D:9      | Identified a +0 club
  9121 | D:9      | Identified a +0 dire flail
  9121 | D:9      | Identified a +2 dire flail of protection
  9121 | D:9      | Noticed a two-headed ogre
  9142 | D:9      | Killed a two-headed ogre
  9142 | D:9      | Reached skill level 5 in Dodging
  9142 | D:9      | Reached skill level 5 in Shields
  9167 | D:9      | Identified a +0 club
  9168 | D:9      | Identified a +0 falchion
  9168 | D:9      | Identified a +0 leather armour
  9170 | D:9      | Identified a +0 hand axe
  9170 | D:9      | Identified a +0 leather armour
  9229 | D:9      | Reached skill level 4 in Invocations
  9303 | D:9      | Identified a scarf of cloud immunity (You found it on level
                  | 9 of the Dungeon)
  9542 | D:9      | You fall into a shaft and drop 1 floor!
  9542 | D:10     | Entered Level 10 of the Dungeon
  9573 | D:10     | Identified a +0 morningstar
  9573 | D:10     | Identified a +0 club
  9573 | D:10     | Identified a +0 dagger
  9573 | D:10     | Identified a +0 robe
  9573 | D:10     | Identified a +0 whip
  9573 | D:10     | Identified a +0 leather armour
  9573 | D:10     | Identified a +0 hand axe
  9573 | D:10     | Identified a +0 dagger
  9573 | D:10     | Identified a +0 robe
  9592 | D:10     | Identified a +0 flail
  9592 | D:10     | Identified a +0 whip
  9601 | D:10     | Reached skill level 7 in Fighting
  9609 | D:10     | Identified a +0 short sword
  9735 | D:10     | Found a flagged portal.
  9751 | Bailey   | Entered a bailey
  9780 | Bailey   | Identified a cursed -2 long sword
  9780 | Bailey   | Noticed a deep elf mage
  9786 | Bailey   | Killed a deep elf mage
  9786 | Bailey   | Reached skill level 5 in Throwing
  9786 | Bailey   | Reached skill level 8 in Unarmed Combat
  9858 | Bailey   | Identified a +0 short sword
  9858 | Bailey   | Noticed a deep elf mage
  9865 | Bailey   | Killed a deep elf mage
  9865 | Bailey   | Identified a +1 dagger of venom
  9865 | Bailey   | Identified a +0 ring mail
  9865 | Bailey   | Noticed a deep elf mage
  9867 | Bailey   | Killed a deep elf mage
  9872 | Bailey   | Identified a +0 rapier
  9872 | Bailey   | Noticed a deep elf mage
  9873 | Bailey   | Identified a +0 rapier
  9873 | Bailey   | Identified a +0 ring mail
  9873 | Bailey   | Noticed a deep elf mage
  9873 | Bailey   | Identified a +0 dagger
  9873 | Bailey   | Noticed a deep elf mage
  9875 | Bailey   | Identified a +0 rapier
  9875 | Bailey   | Noticed a deep elf mage
  9885 | Bailey   | Killed a deep elf mage
  9886 | Bailey   | Reached ***** piety under Uskayaw
  9890 | Bailey   | Killed a deep elf mage
  9890 | Bailey   | Reached XP level 11. HP: 59/109 MP: 13/13
  9914 | Bailey   | HP: 16/109 [deep elf mage/stone arrow (19)]
  9924 | Bailey   | Killed a deep elf mage
  9924 | Bailey   | Reached skill level 4 in Evocations
 10063 | Bailey   | Killed a deep elf mage
 10063 | Bailey   | Identified a +0 long sword
 10063 | Bailey   | Identified a +0 leather armour
 10063 | Bailey   | Noticed a deep elf mage
 10074 | Bailey   | Killed a deep elf mage
 10074 | Bailey   | Reached skill level 5 in Invocations
 10200 | Bailey   | Identified a +0 short sword
 10200 | Bailey   | Identified a cursed +0 leather armour
 10200 | Bailey   | Noticed a deep elf knight
 10209 | Bailey   | HP: 17/109 [deep elf knight/+0 short sword (12)]
 10213 | Bailey   | Killed a deep elf knight
 10415 | D:10     | Identified a +0 war axe
 10417 | D:10     | Identified the +5 rapier "Umein" {drain, +Inv rPois Str-4}
 10417 | D:10     | Identified a +0 robe
 10472 | D:10     | Found a staircase to the Orcish Mines.
 10534 | D:10     | Found a staircase to the Lair.
 10551 | D:10     | Identified a +0 dagger of pain
 10551 | D:10     | Identified a +0 cloak
 10551 | D:10     | Noticed Maurice
 10574 | D:10     | HP: 25/109 [shot self (15)]
 10575 | D:10     | HP: 3/109 [shot self (18)]
 10576 | D:10     | Killed Maurice
 10576 | D:10     | Killed themself with a badly aimed iceblast

Table legend:
 A = Turns spent in this place as a percentage of turns spent in the entire game.
 B = Non-inter-level travel turns spent in this place as a percentage of non-inter-level travel turns spent in the entire game.
 C = Inter-level travel turns spent in this place as a percentage of turns spent in this place.
 D = Turns resting spent in this place as a percentage of non-inter-level travel turns spent in this place.
 E = Turns spent auto-exploring this place as a percentage of non-inter-level travel turns spent in this place.
 F = Non-inter-level travel turns spent in this place divided by the number of levels of this place that you've seen.
                   A       B       C       D       E      F
               +-------+-------+-------+-------+-------+----------------------
         Total | 100.0 | 100.0 |   5.4 |  14.0 |  60.2 | 769.8
       Dungeon |  87.9 |  87.5 |   5.8 |  11.9 |  64.5 | 876.0
        Temple |   2.1 |   1.9 |  15.1 |   0.0 |  94.8 | 191.0
         Sewer |   3.8 |   4.0 |   0.0 |   8.8 |  48.4 | 397.0
        Bailey |   6.2 |   6.6 |   0.0 |  49.0 |   0.0 | 659.0
               +-------+-------+-------+-------+-------+----------------------

Table legend:
 A = Kills in this place as a percentage of kills in entire the game.
 B = Kills by you in this place as a percentage of kills by you in the entire game.
 C = Kills by friends in this place as a percentage of kills by friends in the entire game.
 D = Other kills in this place as a percentage of other kills in the entire game.
 E = Experience gained in this place as a percentage of experience gained in the entire game.
 F = Experience gained in this place divided by the number of levels of this place that you have seen.
                   A       B       C       D       E      F
               +-------+-------+-------+-------+-------+----------------------
         Total | 100.0 | 100.0 |   N/A |   N/A | 100.0 | 1133.5
       Dungeon |  86.1 |  86.1 |   N/A |   N/A |  61.4 | 904.0
         Sewer |  10.1 |  10.1 |   N/A |   N/A |   2.4 | 356.0
        Bailey |   3.8 |   3.8 |   N/A |   N/A |  36.2 | 5339.0
               +-------+-------+-------+-------+-------+----------------------

Skill      XL: |  1  2  3  4  5  6  7  8  9 10 11 |
---------------+----------------------------------+-----
Fighting       | 3 4 5 6 7 |  7.6
Throwing       | 1 2 3 4 5 |  5.4
Unarmed Combat | 3 4 5 6 7 8 |  8.8
Dodging        | 3 4 5 |  5.5
Shields        | 3 4 5 |  5.5
Invocations    | 3 4 5 |  5.3
Evocations     | 2 3 4 |  4.3

Action                   |  1- 3 |  4- 6 |  7- 9 | 10-12 || total
-------------------------+-------+-------+-------+-------++-------
Melee: Unarmed           |   105 |   105 |   350 |   173 ||   733
Throw: Stone             |    63 |    18 |   135 |    68 ||   284
       Javelin           |     9 |    24 |    33 |       ||    66
       Dart              |       |       |    16 |       ||    16
       Large rock        |       |       |     3 |    10 ||    13
       Boomerang         |       |       |       |     1 ||     1
Invok: Line Pass         |       |       |     2 |     2 ||     4
 Abil: Evoke Berserk Rag |       |       |       |     4 ||     4
Evoke: Wand              |       |       |     1 |     9 ||    10
  Use: Scroll            |       |     1 |    14 |       ||    15
       Potion            |       |       |     1 |     2 ||     3
 Stab: Paralysed         |       |       |     8 |     5 ||    13
       Confused          |       |       |     1 |     1 ||     2
  Eat: Chunk             |    20 |    12 |    44 |    21 ||    97
       Ration            |       |       |       |     2 ||     2
Armor: Robe              |    26 |    30 |    78 |    19 ||   153
Dodge: Dodged            |    28 |    22 |   120 |    35 ||   205
Block: Shield            |    35 |    70 |   195 |    55 ||   355

Vanquished Creatures
  2 two-headed ogres
  A deep elf knight (Bailey)
  8 deep elf magi (Bailey)
  A cyclops (D:8)
  Maurice (D:10)
  A komodo dragon (D:10)
  2 hippogriffs
  3 water moccasins (D:7)
  3 black bears
  3 orc warriors
  An ice beast (D:7)
  4 ogres
  A necrophage (D:7)
  A phantom (D:9)
  A centaur (D:6)
  4 big kobolds
  4 bullfrogs
  A gnoll sergeant (D:7)
  3 scorpions
  5 howler monkeys
  A wight (D:10)
  3 crimson imps
  A quasit (D:7)
  2 jellies
  9 orc wizards
  2 bullfrog skeletons
  8 orc priests
  4 hounds
  8 worker ants
  4 iguanas
  A killer bee zombie (D:7)
  4 hound skeletons
  5 gnolls
  A howler monkey skeleton (D:4)
  4 adders
  4 shadow imps
  5 oozes
  An adder skeleton (D:4)
  4 worms
  2 dart slugs (D:2)
  A leopard gecko (D:4)
  40 orcs
  6 ball pythons
  10 bats
  8 giant cockroaches
  8 goblins
  8 hobgoblins
  6 jackals
  A quokka (D:6)
  5 frilled lizards
  A jackal skeleton (D:8)
  16 kobolds
  4 rats
237 creatures vanquished.

Vanquished Creatures (others)
  A plant (D:10)
1 creature vanquished.

Grand Total: 238 creatures vanquished
